 Dungeon Crawl Stone Soup version 0.26-a0-771-g060e6a62af (webtiles) character file.

Game seed: 3664170264297263338

1443676 IEatYoBabies the Peltast (level 27, 244/244 HPs)
             Began as a Purple Draconian Conjurer on Nov 6, 2020.
             Was the Champion of Vehumet.
             Escaped with the Orb
             ... and 3 runes on Nov 8, 2020!
             The game lasted 09:14:05 (102524 turns).

IEatYoBabies the Peltast (DrCj)                   Turns: 102524, Time: 09:14:06

Health: 244/244    AC: 20    Str: 16    XL:     27
Magic:  57/63      EV: 22    Int: 29    God:    Vehumet [******]
Gold:   9882       SH: 20    Dex: 10    Spells: 4/62 levels left

rFire    + + +     SeeInvis .   C - staff of conjuration
rCold    + + +     Faith    .   V - +5 kite shield {AC+3}
rNeg     + . .     Spirit   .   (armour unavailable)
rPois    +         Reflect  .   G - -2 hat of the Alchemist {rElec rPois rF+ rC+ rN+ MR+ rMut rCorr}
rElec    +         Harm     .   F - scarf {rC+ rF+}
rCorr    +         Rampage  .   v - +2 pair of gloves {Str+3}
rMut     +         Rnd*Rage +   P - +2 pair of boots {Stlth+}
MR       +++++                  d - amulet "Ficwoxus" {RegenMP MP+9}
Stlth    ++........             I - ring of Ytej {rPois MP+9 Int+3}
HPRegen  0.50/turn              E - ring "Foajota" {rF++ rC+}
MPRegen  0.63/turn

@: very slightly contaminated, studying Shields
A: breathe power, unfitting armour, berserk 1, dopey 1, cold-blooded, AC +13
0: Orb of Zot
}: 3/15 runes: decaying, serpentine, slimy
a: Breathe Dispelling Energy, Renounce Religion


You escaped.
You worshipped Vehumet.
Vehumet was exalted by your worship.
You visited 12 branches of the dungeon, and saw 57 of its levels.
You visited 2 bazaars.
You also visited: Bailey and Ice Cave.

You collected 13501 gold pieces.
You spent 3619 gold pieces at shops.

Inventory:

Missiles
 m - 3 throwing nets
 o - 34 poisoned darts (quivered)
 Z - 7 curare-tipped darts
Armour
 v - a +2 pair of gloves of strength (worn)
 F - a scarf of resistance (worn)
 G - the -2 hat of the Alchemist (worn) {rElec rPois rF+ rC+ rN+ MR+ rMut rCorr}
   (You found it on level 3 of the Elven Halls)

   It protects you from fire.
   It protects you from cold.
   It insulates you from electricity.
   It protects you from poison.
   It protects you from negative energy.
   It affects your resistance to hostile enchantments.
   It provides partial protection from all sources of acid and corrosion.
   It protects you from mutation.
 P - a +2 pair of boots of stealth (worn)
 V - a +5 kite shield of protection (worn)
Magical Staves
 C - an uncursed staff of conjuration (weapon)
Jewellery
 d - the amulet "Ficwoxus" (around neck) {RegenMP MP+9}
   (You took it off a skeletal warrior on level 1 of the Crypt)

   [amulet of magic regeneration]

   It increases your magic regeneration.
   It affects your magic capacity (+9).
 E - the ring "Foajota" (right hand) {rF++ rC+}
   (You bought it in a shop in a bazaar)

   [ring of protection from cold]

   It greatly protects you from fire.
   It protects you from cold.
 I - the ring of Ytej (left hand) {rPois MP+9 Int+3}
   (You took it off a deep elf mage on level 3 of the Elven Halls)

   [ring of magical power]

   It affects your intelligence (+3).
   It protects you from poison.
   It affects your magic capacity (+9).
 N - the amulet "Zacwotik" {Reflect Dex+2 SH+5}
   (You found it on level 5 of the Pits of Slime)

   [amulet of reflection]

   It shields you and reflects attacks.
   It affects your dexterity (+2).
   It affects your SH (+5).
Wands
 Q - a wand of paralysis (40)
 S - a wand of iceblast (44)
 T - a wand of digging (42)
 U - a wand of disintegration (18)
Scrolls
 a - 10 scrolls of immolation
 b - 25 scrolls of teleportation
 c - 29 scrolls of remove curse
 i - 15 scrolls of identify
 l - 9 scrolls of amnesia
 p - 3 scrolls of vulnerability
 q - 4 scrolls of enchant armour
 u - 3 scrolls of silence
 w - 8 scrolls of blinking
 x - 3 scrolls of fog
 B - 10 scrolls of noise
 D - 4 scrolls of summoning
 H - a scroll of magic mapping
 J - 7 scrolls of fear
 O - 5 scrolls of torment
Potions
 f - 5 potions of invisibility
 h - 9 potions of might
 j - 17 potions of curing
 k - 5 potions of cancellation
 n - 4 potions of magic
 z - 2 potions of flight
 A - 10 potions of heal wounds
 K - 11 potions of brilliance
 M - 3 potions of ambrosia
 R - 8 potions of mutation
 Y - 3 potions of resistance
Books
 e - a manual of Shields
Miscellaneous
 g - a phantom mirror
 r - a condenser vane
 s - a box of beasts
 y - a lightning rod (4/4)


   Skills:
 * Level 19.4 Fighting
   Level 0.9 Short Blades
   Level 1.6 Polearms
 - Level 0.4(1.1) Staves
 - Level 1.0 Throwing
 * Level 19.7 Dodging
 + Level 7.8 Stealth
 * Level 20.5 Shields
 - Level 0.4 Unarmed Combat
 - Level 18.0 Spellcasting
 - Level 20.0 Conjurations
 - Level 10.0 Hexes
 - Level 4.0 Summonings
   Level 5.0 Necromancy
 + Level 7.4 Translocations
 - Level 8.0 Transmutations
 - Level 15.0 Fire Magic
 - Level 5.1 Air Magic
 - Level 12.0 Earth Magic
 + Level 9.0 Evocations


You had 4 spell levels left.
You knew the following spells:

 Your Spells              Type           Power        Failure   Level
a - Lehudib's Crystal Sp  Conj/Erth      ########..   4%          8
b - Bolt of Magma         Conj/Fire/Erth ########..   1%          5
c - Blink                 Tloc           N/A          1%          2
d - Fire Storm            Conj/Fire      ########..   30%         9
e - Iskenderun's Mystic   Conj/Tloc      ########     1%          4
f - Invisibility          Hex            ######..     4%          6
g - Passwall              Tmut/Erth      ######..     1%          2
h - Iskenderun's Battles  Conj           ########     0%          5
i - Statue Form           Tmut/Erth      ######...    4%          6
j - Summon Lightning Spi  Summ/Air       ######..     2%          4
l - Spellforged Servitor  Conj/Summ      #######...   2%          7

Your spell library contained the following spells:

 Spells                   Type           Power        Failure   Level
 Ignition                 Fire           #######...   6%          8
 Absolute Zero            Ice            ####......   100%        9
 Foxfire                  Conj/Fire      ####         0%          1
 Magic Dart               Conj           ####         0%          1
 Sandblast                Erth           ######       0%          1
 Shock                    Conj/Air       ####         0%          1
 Searing Ray              Conj           ######       0%          2
 Conjure Flame            Conj/Fire      ########     0%          3
 Dazzling Flash           Conj/Hex       ######       0%          3
 Stone Arrow              Conj/Erth      ######       0%          3
 Sticky Flame             Conj/Fire      ########     0%          4
 Animate Skeleton         Necr           ######       1%          1
 Apportation              Tloc           ######       1%          1
 Corona                   Hex            ######.      1%          1
 Freeze                   Ice            ####         1%          1
 Pain                     Necr           ####         1%          1
 Sting                    Tmut/Pois      ####         1%          1
 Summon Small Mammal      Summ           ####         1%          1
 Call Imp                 Summ           #####...     1%          2
 Corpse Rot               Necr/Air       N/A          1%          2
 Ensorcelled Hibernation  Hex/Ice        ######       1%          2
 Slow                     Hex            ######..     1%          2
 Wereblood                Tmut           ######..     1%          2
 Call Canine Familiar     Summ           #####...     1%          3
 Frozen Ramparts          Ice            ####..       1%          3
 Gell's Gravitas          Tloc           ######....   1%          3
 Inner Flame              Hex/Fire       #######.     1%          3
 Lesser Beckoning         Tloc           ######....   1%          3
 Mephitic Cloud           Conj/Pois/Air  #######.     1%          3
 Portal Projectile        Hex/Tloc       ######       1%          3
 Summon Guardian Golem    Hex/Summ       ######..     1%          3
 Teleport Other           Tloc           ######..     1%          3
 Tukima's Dance           Hex            ######..     1%          3
 Vampiric Draining        Necr           ######....   1%          3
 Animate Dead             Necr           ######....   1%          4
 Cause Fear               Hex            ######....   1%          4
 Fulminant Prism          Conj/Hex       ########..   1%          4
 Hailstorm                Conj/Ice       #######.     1%          4
 Leda's Liquefaction      Hex/Erth       ######....   1%          4
 Petrify                  Tmut/Erth      ######..     1%          4
 Ozocubu's Armour         Ice            ####....     4%          3
 Summon Ice Beast         Ice/Summ       #####...     7%          4
 Borgnjor's Vile Clutch   Necr/Erth      ######....   1%          5
 Fireball                 Conj/Fire      ########..   1%          5
 Irradiate                Conj/Tmut      ########..   1%          5
 Lee's Rapid Deconstruct  Erth           #######...   1%          5
 Silence                  Hex/Air        ######....   1%          5
 Yara's Violent Unravell  Hex/Tmut       ######....   1%          5
 Conjure Ball Lightning   Conj/Air       #######...   1%          6
 Summon Mana Viper        Hex/Summ       ######..     2%          5
 Summon Forest            Summ/Tloc      ######....   4%          5
 Agony                    Necr           ######..     6%          5
 Metabolic Englaciation   Hex/Ice        ######....   6%          5
 Alistair's Intoxication  Tmut/Pois      #####....    9%          5
 Summon Demon             Summ           #####.....   9%          5
 Hydra Form               Tmut           ######....   10%         6
 Chain Lightning          Conj/Air       #######...   16%         8
 Death Channel            Necr           ######....   32%         6
 Eringya's Noxious Bog    Tmut/Pois      #####.....   43%         6
 Shadow Creatures         Summ           N/A          43%         6
 Dragon Form              Tmut           ######....   45%         7
 Simulacrum               Ice/Necr       #####.....   65%         6
 Malign Gateway           Summ/Tloc      ######....   80%         7
 Discord                  Hex            ######....   87%         8
 Shatter                  Erth           #######...   94%         9
 Summon Hydra             Summ           #####.....   95%         7
 Dragon's Call            Summ           #####.....   100%        9
 Tornado                  Air            ######....   100%        9


Dungeon Overview and Level Annotations

Branches:
Dungeon (15/15)            Temple (1/1) D:4            Lair (6/6) D:9
  Swamp (4/4) Lair:4        Snake (4/4) Lair:3        Slime (5/5) Lair:6
    Orc (2/2) D:11            Elf (3/3) Orc:2        Vaults (4/5) D:13
  Crypt (3/3) Vaults:3       Tomb (0/3) Crypt:3      Depths (5/5) D:15
    Zot (5/5) Depths:5     Bailey (visited)           IceCv (visited)

Altars:
Ashenzari
Dithmenos
Elyvilon
Kikubaaqudgha
Makhleb
Qazlal
Ru
Trog
Uskayaw
Vehumet
Wu Jian
Xom
Yredelemnul
Zin
The Shining One
Beogh
Jiyva

Shops:
D:9 :   Orc:2 :*}?   Elf:1 }   Elf:2 *   Snake:1 ?   Snake:3 ==}   Vaults:2 }
Depths:1 :   Depths:4 [:?[   Depths:5 }=((

Portals:
Hell: Depths:1 Depths:2 Depths:3 Depths:4 Depths:5
Abyss: Depths:2 Depths:3 Depths:4 Depths:5
Pandemonium: Depths:3 Depths:5
Ziggurat: Depths:5

Annotations:
D:12 1 runed translucent door
Lair:4 1 runed translucent door, Rodnoix's ghost, journeyman DrTm
Elf:1 6 runed translucent doors
Depths:2 3 runed translucent doors, Barug's ghost, adept TrMo; Jophoofa's ghost, adept DgCj
Zot:4 2 transporters, Heisao's ghost, legendary TrBe


Innate Abilities, Weirdness & Mutations

You can breathe bolts of dispelling energy.
Your rich purple scales are hard. (AC +13)
You cannot fit into any form of body armour.
You are cold-blooded and may be slowed by cold attacks.
You tend to lose your temper in combat.
You are dopey. (Int -2)


Message History

Evoke which item? (* to show all) (? for menu, Esc to quit)
Press: ? - help, Shift-Dir - straight line A rock wall.
This square is covered in magical glow.
The rock shatters into small pieces.
The Orb Guardian is engulfed in blazing flames.
The Orb Guardian hits you but does no damage.
Casting: Fire Storm (dangerous; 30% risk of failure)
Confirm with . or Enter, or press ? or * to list all spells.
Aiming: Lehudib's Crystal Spear (dangerous; 4% risk of failure)
Press: ? - help, Shift-Dir - straight line, f - Orb Guardian
Aim: an Orb Guardian (almost dead)
You feel a surge of power!
The crystal spear hits the Orb Guardian!!!
You kill the Orb Guardian!
Vehumet accepts your kill.
You feel your power returning.
You see here a +0 whip.
There is a staircase leading out of the dungeon here.
You have escaped! ...P.PPPPPPPPPPPPP# #.......... ...PPPPPPPPPPPPPPP# #####...... #.#PPPPP.....PPPPP# #..#.## #.#PPP[.PPPPP..PPP# ##.#.## #.#PP.PPP...PPP.PP# ##..... #.#PP.PP.PPP.PP.PP#

###....##
#..P.PP.PP.PP.PP.P#######....#...
#..P.P.PP.P.PP.P.P##.......#.....
#....P.P.PPP.P.P@P#..####.###..≈≈
...P.P.PP.P.PP.P..........##...≈(
...P.PP.PP.PP.PP......######...≈≈
.(÷PP.PP.PPP.PP.P.....####.......
(..PP.PPP...PPP.PP....#....#..###
...PPP..PPPPP..PP.)###..####..#
...PPPPP.....PPPP..###.## #..#


..#PPPPPPPPPPPPPPP.....# ##..### ..#PPPPPPPPPPPPPPP...### #...... There were no
monsters in sight!

Vanquished Creatures
  the Royal Jelly (Slime:5)
  Tiamat (Zot:3)
  Mara (Vaults:2)
  3 orbs of fire
  3 ancient liches
  A greater mummy (Depths:4)
  Boris (Depths:3)
  2 Killer Klowns (Zot:5)
  Bai Suzhen (Snake:3)
  Xtahua (Crypt:1)
  Margery (Depths:5)
  Vashnia (Snake:4)
  A caustic shrike (Depths:4)
  3 pandemonium lords
  9 golden dragons
  Nikola (Swamp:4)
  2 electric golems
  3 bone dragons
  8 tentacled monstrosities
  An Ice Fiend (Depths:1)
  Rupert (D:13)
  6 liches
  14 Orb Guardians
  A titan (Depths:4)
  3 deep elf blademasters
  4 quicksilver dragons
  2 deep elf master archers (Elf:3)
  14 acid blobs
  4 death cobs
  The ghost of TigOlBitties the Sorcerer, an adept DEEE of Vehumet (Swamp:4)
  An Executioner (D:9)
  4 sphinxes
  4 shadow dragons
  2 ancient champions (Crypt:1)
  Agnes (Elf:2)
  The ghost of Razfen the Cruncher, an adept GnWn of Ashenzari (Snake:3)
  Kirke (Lair:4)
  A tengu reaver (Depths:2)
  14 storm dragons
  A draconian monk (Zot:2)
  3 nagarajas (Snake:4)
  3 azure jellies (Slime:5)
  2 fire giants
  A daeva (Depths:5)
  2 draconian scorchers
  5 frost giants
  8 deep elf sorcerers
  Louise (Swamp:2)
  2 draconian knights (Zot:3)
  3 orc warlords
  4 deep elf elementalists
  2 ghost moths
  An iron dragon (Zot:3)
  3 vault wardens
  A caustic shrike zombie (Depths:4)
  A draconian shifter (Zot:3)
  A draconian stormcaller (Zot:1)
  A cacodemon (Depths:5)
  12 stone giants
  9 ironheart preservers
  A draconian annihilator (Depths:5)
  2 curse skulls (Crypt:1)
  10 very ugly things
  A juggernaut skeleton (Depths:3)
  3 ghouls
  3 war gargoyles
  3 entropy weavers
  4 green draconians
  3 black draconians
  8 vampire knights
  7 bunyips
  5 purple draconians
  5 white draconians
  8 deep elf annihilators
  6 deep elf demonologists
  3 crystal guardians (Crypt:3)
  2 minotaurs (Depths:3)
  A yellow draconian (Zot:3)
  6 red draconians
  4 spark wasps (Depths:5)
  6 ettins
  7 deep elf death magi
  15 fire dragons
  An eleionoma (shapeshifter) (Depths:4)
  Snorg (D:13)
  6 death oozes
  7 eleionomae
  A quicksilver dragon zombie (Depths:4)
  4 jiangshi
  13 great orbs of eyes
  2 deep elf high priests
  8 ice dragons
  9 yaktaur captains
  7 naga warriors
  11 ogre magi
  3 rakshasas
  2 ghost crabs (Swamp:2)
  2 spriggan air magi
  26 hydras
  A hell beast (Depths:5)
  3 death knights
  5 vault guards
  7 anacondas
  6 boulder beetles
  11 centaur warriors
  36 dancing weapons
  6 alligators
  3 catoblepae
  34 two-headed ogres
  3 tengu warriors
  6 deep troll shamans
  5 vampire magi
  8 deep troll earth magi
  2 hell hogs (Depths:3)
  10 naga sharpshooters
  A soul eater (Crypt:1)
  3 goliath frogs
  7 orc high priests
  Sonja (Lair:5)
  5 shock serpents
  26 deep elf knights
  2 iron trolls
  27 hell knights
  19 skeletal warriors
  3 salamander mystics
  5 shadow wraiths
  A sixfirhy (Depths:5)
  A death drake (Zot:3)
  2 storm dragon skeletons
  2 golden dragon zombies (Depths:4)
  An unseen horror (shapeshifter) (Depths:2)
  A spark wasp zombie (Depths:4)
  7 unseen horrors
  2 spriggan druids (Swamp:4)
  20 deep trolls
  3 sea snakes
  3 flayed ghosts
  4 glowing orange brains
  17 swamp dragons
  11 wizards
  A torturous demonspawn (Depths:5)
  9 bog bodies
  4 phantasmal warriors
  2 naga ritualists (Snake:4)
  14 ironbrand convokers
  2 shadow dragon zombies (Depths:4)
  20 deep elf archers
  2 golden dragon skeletons (Depths:3)
  3 lindwurms
  An orange crystal statue (Zot:5)
  A harpy (shapeshifter) (Depths:1)
  10 mana vipers
  21 orc knights
  33 ugly things
  4 wolf spiders
  10 orc sorcerers
  20 necromancers
  2 human zombies (Vaults:1)
  69 deep elf magi
  2 shining eyes
  3 will-o-the-wisps
  An oklob plant (Swamp:2)
  A frost giant zombie (Depths:4)
  7 salamanders
  4 cyclopes
  11 elephants
  A salamander (shapeshifter) (D:15)
  3 shadow dragon skeletons
  4 manticores (Elf:3)
  An iron dragon skeleton (Crypt:3)
  12 naga magi
  Maurice (D:12)
  28 moths of wrath
  An eye of devastation (Slime:4)
  2 molten gargoyles (Lair:6)
  19 black mambas
  A smoke demon (Depths:5)
  6 guardian serpents
  A dire elephant skeleton (Crypt:2)
  12 vault sentinels
  A shock serpent skeleton (Crypt:3)
  A torpor snail (Lair:3)
  3 ice statues (IceCv)
  An orange demon (Depths:5)
  2 gargoyles
  A cane toad (shapeshifter) (Vaults:4)
  16 cane toads
  A minotaur zombie (Crypt:2)
  A pale draconian zombie (Crypt:2)
  2 kobold demonologists
  2 rime drakes
  4 ice devils
  28 yaktaurs
  6 freezing wraiths
  3 guardian mummies (Depths:4)
  A hellwing (Depths:5)
  3 tengu conjurers
  11 komodo dragons
  A hydra zombie (Crypt:3)
  A merfolk (shapeshifter) (Depths:5)
  5 polar bears
  A red devil (Depths:5)
  11 trolls
  A bloated husk (Swamp:1)
  3 meliai (D:14)
  A jumping spider (shapeshifter) (Vaults:1)
  8 tyrant leeches
  10 hornets
  Grinder (D:6)
  A polar bear (shapeshifter) (Vaults:2)
  4 blink frogs (Lair:5)
  A tengu simulacrum (Vaults:2)
  A guardian serpent zombie (Crypt:1)
  A meliai zombie (D:12)
  44 slime creatures
  2 ice dragon skeletons
  A spriggan skeleton (Depths:3)
  11 dream sheep
  An ettin skeleton (Crypt:2)
  A fire dragon skeleton (Crypt:2)
  8 redbacks
  7 spriggans
  2 air elementals
  19 flying skulls
  A ynoxinul (Depths:5)
  7 wyverns
  6 shadows
  9 water elementals
  5 wraiths
  A deep troll skeleton (Depths:1)
  A hog (Lair:4)
  4 fire bats (Depths:3)
  78 yaks
  2 fire elementals
  3 steam dragons
  9 basilisks
  A golden eye (Slime:5)
  A steam dragon (shapeshifter) (Depths:2)
  A hog (shapeshifter) (Elf:1)
  9 humans (D:13)
  A neqoxec (Zot:4)
  5 insubstantial wisps (Lair:4)
  A swamp worm (shapeshifter) (Depths:4)
  9 wargs
  34 nagas
  18 swamp worms
  4 acid dragons
  22 water moccasins
  10 hell hounds
  A floating eye (shapeshifter) (Depths:4)
  4 swamp drakes (Swamp:4)
  2 cane toad skeletons (Crypt:3)
  3 sky beasts
  5 eyes of draining
  74 orc warriors
  2 necrophages
  34 ogres
  3 black bears
  11 ice beasts
  A snapping turtle zombie (Crypt:3)
  A tengu (shapeshifter) (Elf:3)
  3 phantoms
  A lindwurm zombie (Crypt:2)
  21 wolves
  5 boggarts (D:14)
  7 centaurs
  A snapping turtle skeleton (Crypt:2)
  5 big kobolds
  A palentonga zombie (Crypt:2)
  3 nameless horrors
  26 bullfrogs
  A gnoll sergeant (D:4)
  6 earth elementals
  A scorpion (shapeshifter) (Vaults:2)
  7 scorpions
  A shapeshifter zombie (Crypt:1)
  15 wights
  2 troll zombies (D:11)
  14 killer bees (D:11)
  An electric eel (Snake:4)
  4 centaur zombies
  4 lava snakes (Lair:6)
  2 bullfrog zombies
  2 jellies
  A quasit (D:13)
  A gnoll shaman (D:4)
  32 orc priests
  6 hounds
  32 orc wizards
  3 centaur skeletons
  A jelly (shapeshifter) (Depths:1)
  2 bullfrog skeletons
  An iron imp (Depths:2)
  4 iguanas
  5 worker ants
  4 ogre zombies (D:11)
  A sky beast zombie (Crypt:1)
  7 mummies (Depths:4)
  Robin (D:2)
  A worker ant zombie (D:5)
  40 gnolls
  15 adders
  A howler monkey skeleton (D:5)
  A swamp drake zombie (Crypt:2)
  A white imp (Depths:1)
  2 ufetubi
  An ooze (D:2)
  An adder zombie (D:9)
  A lava snake zombie (Crypt:1)
  3 adder skeletons
  2 worms
  3 dart slugs
  6 leopard geckos
  132 orcs
  A ball python (D:6)
  7 giant cockroaches
  18 goblins
  11 hobgoblins
  21 jackals
  7 quokkas
  A ball python skeleton (Crypt:1)
  3 bats
  4 frilled lizards
  A giant cockroach zombie (Crypt:2)
  2 goblin skeletons (D:11)
  2 goblin zombies (D:11)
  3 hobgoblin skeletons (D:11)
  2 hobgoblin zombies (D:11)
  A jackal skeleton (D:4)
  36 kobolds
  A leopard gecko zombie (D:6)
  2 orc skeletons (D:11)
  8 orc zombies (D:11)
  A quokka skeleton (D:8)
  A quokka zombie (D:5)
  7 rats
  4 briar patches (Swamp:4)
  4 fulminant prisms
2284 creatures vanquished.

Vanquished Creatures (collateral kills)
  A Killer Klown (Zot:5)
  A curse toe (Zot:3)
  6 golden dragons
  2 liches
  6 tentacled monstrosities
  A quicksilver dragon (Zot:1)
  11 Orb Guardians
  2 acid blobs
  A death cob (Zot:1)
  3 sphinxes (Elf:3)
  2 thorn hunters (Swamp:4)
  4 storm dragons
  4 shadow dragons
  A revenant (Crypt:2)
  3 azure jellies
  6 nagarajas (Snake:4)
  5 frost giants
  An iron dragon (Depths:3)
  A draconian scorcher (Depths:5)
  2 draconian knights
  A draconian shifter (Zot:3)
  Aizul (Snake:3)
  An angel (Depths:5)
  2 ironheart preservers
  5 ghouls
  A war gargoyle (Crypt:3)
  4 stone giants
  7 very ugly things
  A green draconian (Zot:4)
  2 red draconians
  2 vampire knights
  2 grey draconians (Depths:5)
  A minotaur (Depths:3)
  A yellow draconian (Zot:1)
  3 purple draconians
  An eidolon (Crypt:1)
  A white draconian (Zot:1)
  A spark wasp (Depths:3)
  A deep elf death mage (Vaults:1)
  2 ettins
  5 yaktaur captains
  A death ooze (Slime:5)
  5 fire dragons
  3 ogre magi
  3 deep elf high priests (Elf:3)
  4 great orbs of eyes
  5 naga warriors
  A rakshasa (D:13)
  An ice dragon (Zot:3)
  2 boulder beetles (Vaults:1)
  2 hydras
  A centaur warrior (Vaults:1)
  An anaconda (Snake:4)
  2 death knights
  A deep troll shaman (Depths:1)
  18 two-headed ogres
  2 alligators (Swamp:4)
  3 dancing weapons
  A hell hog (Depths:3)
  7 deep troll earth magi
  7 naga sharpshooters
  10 hell knights
  A soul eater (D:14)
  An iron troll (Depths:4)
  2 titan skeletons (Crypt:3)
  A deep elf knight (Vaults:4)
  A salamander mystic (Snake:4)
  11 skeletal warriors
  An infernal demonspawn (Depths:5)
  A death drake (Zot:3)
  2 sea snakes (Snake:4)
  2 bog bodies
  9 deep trolls
  An ironbrand convoker (Vaults:1)
  A shadow demon (Depths:1)
  2 naga ritualists
  3 swamp dragons
  A tengu zombie (Depths:4)
  2 lindwurms
  2 phantasmal warriors (Crypt:1)
  2 deep elf magi
  3 necromancers
  3 orc knights
  A will-o-the-wisp (Swamp:2)
  A manticore (Elf:3)
  An orc sorcerer (Orc:1)
  A shadow dragon skeleton (Depths:1)
  2 mana vipers
  A wolf spider (Vaults:3)
  17 ugly things
  A cyclops (D:15)
  A stone giant zombie (Depths:3)
  An iron dragon skeleton (Crypt:3)
  2 fire giant skeletons (Crypt:3)
  An elf zombie (Depths:4)
  7 salamanders
  A moth of wrath (Zot:5)
  12 black mambas
  2 guardian serpents (Snake:4)
  3 elephants (Lair:6)
  4 naga magi
  A vault sentinel (Vaults:4)
  A gargoyle (D:13)
  A centaur skeleton (D:15)
  A komodo dragon (shapeshifter) (Depths:2)
  8 yaktaurs
  2 freezing wraiths
  A redback zombie (Crypt:2)
  A yaktaur skeleton (Vaults:1)
  A hellwing (Depths:5)
  2 tengu conjurers (Depths:3)
  A tyrant leech (Swamp:1)
  2 hornets (Depths:3)
  A merfolk (D:15)
  2 ice dragon zombies (Crypt:3)
  A fire dragon zombie (Crypt:3)
  17 slime creatures
  10 flying skulls
  3 wraiths
  A fire elemental (Elf:3)
  A fire bat (shapeshifter) (Vaults:3)
  A vampire mosquito (Swamp:1)
  2 wargs (Orc:2)
  5 hell hounds
  A swamp worm (Swamp:2)
  An acid dragon (Zot:3)
  24 nagas
  A swamp drake (Swamp:4)
  An eye of draining (shapeshifter) (Depths:2)
  7 ogres
  10 orc warriors
  2 necrophages (Crypt:1)
  A cyclops zombie (Crypt:2)
  A nameless horror (Orc:2)
  6 orc priests
  An orc wizard (Orc:1)
  14 orcs
  2 goblins (Vaults:1)
  A hobgoblin zombie (Crypt:2)
  A kobold zombie (Crypt:2)
  A rat skeleton (Crypt:1)
440 creatures vanquished.

Vanquished Creatures (others)
  A spark wasp (Depths:3)
  A hydra (Swamp:4)
  A deep elf knight (Elf:1)
  A naga ritualist (Snake:4)
  A deep elf archer (Elf:1)
  A water elemental (Elf:2)
  A human (D:13)
  An orc (Vaults:1)
  2 bushes (Lair:6)
  7 fire vortices
  10 foxfires
  712 fulminant prisms
  67 fungi
  153 plants
959 creatures vanquished.

Grand Total: 3683 creatures vanquished

Notes
Turn   | Place    | Note
-------+----------+-------------------------------------------
     0 | D:1      | IEatYoBabies the Draconian Conjurer began the quest for the
                  | Orb.
     0 | D:1      | Reached XP level 1. HP: 14/14 MP: 3/3
   335 | D:1      | Reached XP level 2. HP: 14/20 MP: 1/5
   370 | D:1      | Upgraded the game from 0.26-a0-752-gcff87cac9a to
                  | 0.26-a0-757-g626ac9e51a
   492 | D:1      | Learned a level 2 spell: Searing Ray
  1081 | D:2      | Reached XP level 3. HP: 27/27 MP: 1/6
  1390 | D:2      | Noticed Robin
  1479 | D:2      | Reached skill level 1 in Fighting
  1606 | D:2      | Killed Robin
  1606 | D:2      | Reached XP level 4. HP: 13/35 MP: 1/7
  2116 | D:2      | Found a basalt altar of Yredelemnul.
  2278 | D:2      | Found a white marble altar of Elyvilon.
  2757 | D:3      | Reached skill level 5 in Conjurations
  2828 | D:3      | Noticed an ogre
  2850 | D:3      | Killed an ogre
  2850 | D:3      | Reached XP level 5. HP: 40/40 MP: 1/9
  3461 | D:4      | Learned a level 3 spell: Dazzling Flash
  3507 | D:4      | Reached XP level 6. HP: 47/48 MP: 3/11
  3740 | D:4      | Found a staircase to the Ecumenical Temple.
  3786 | Temple   | Entered the Ecumenical Temple
  3796 | Temple   | Became a worshipper of Vehumet
  3945 | D:4      | Found a bloodstained altar of Trog.
  4718 | D:4      | Your scales start taking on a rich purple colour.
  4718 | D:4      | Reached skill level 5 in Spellcasting
  4718 | D:4      | Reached XP level 7. HP: 56/56 MP: 11/14
  4764 | D:4      | Reached * piety under Vehumet
  4764 | D:4      | Offered knowledge of Shock by Vehumet.
  5536 | D:4      | Reached skill level 1 in Evocations
  5879 | D:5      | Entered Level 5 of the Dungeon
  5978 | D:5      | Reached ** piety under Vehumet
  5978 | D:5      | Reached XP level 8. HP: 50/62 MP: 7/18
  6234 | D:5      | Offered knowledge of Freeze by Vehumet.
  6577 | D:5      | Reached skill level 1 in Polearms
  6974 | D:6      | Learned a level 4 spell: Fulminant Prism
  6979 | D:6      | Learned a level 4 spell: Iskenderun's Mystic Blast
  6982 | D:6      | Noticed Grinder
  6992 | D:6      | Killed Grinder
  7236 | D:6      | Reached XP level 9. HP: 71/71 MP: 16/21
  7874 | D:6      | Found a broken altar of Ashenzari.
  7874 | D:6      | Found a stormy altar of Qazlal.
  7879 | D:6      | Found a sacrificial altar of Ru.
  7881 | D:6      | Found a faded altar of an unknown god.
  7883 | D:6      | Found an ornate altar of the Wu Jian Council.
  8336 | D:7      | Offered knowledge of Conjure Flame by Vehumet.
  8895 | D:8      | Found a glowing golden altar of the Shining One.
  8895 | D:8      | Noticed a two-headed ogre
  8901 | D:8      | Killed a two-headed ogre
  8901 | D:8      | Noticed a two-headed ogre
  9079 | D:8      | Reached *** piety under Vehumet
  9389 | D:8      | Offered knowledge of Frozen Ramparts by Vehumet.
  9486 | D:8      | Reached skill level 1 in Hexes
  9509 | D:8      | Reached XP level 10. HP: 80/80 MP: 4/23
  9684 | D:8      | Killed a two-headed ogre
  9763 | D:8      | Reached **** piety under Vehumet
  9795 | D:8      | Noticed an eight-headed hydra
  9897 | D:8      | Offered knowledge of Lee's Rapid Deconstruction by Vehumet.
  9897 | D:8      | Reached skill level 10 in Spellcasting
  9986 | D:8      | Noticed a gargoyle
  9987 | D:8      | Noticed a boulder beetle
  9987 | D:8      | Noticed a skeletal warrior
 10127 | D:8      | Found a roughly hewn altar of Beogh.
 10322 | D:9      | Found Memosur's Book Shoppe.
 10363 | D:9      | Found a staircase to the Lair.
 10583 | D:9      | Noticed a boulder beetle
 10987 | D:9      | Reached skill level 1 in Throwing
 10991 | D:9      | Reached skill level 5 in Fighting
 10991 | D:9      | Reached skill level 10 in Conjurations
 11121 | D:9      | Reached skill level 1 in Translocations
 11145 | D:9      | Identified the +1 robe "Cyuch" {Dex+2}
 11326 | D:9      | Killed a boulder beetle
 11447 | D:9      | Noticed a centaur warrior
 11454 | D:9      | Killed a centaur warrior
 11471 | D:9      | Reached XP level 11. HP: 86/88 MP: 10/25
 11994 | D:9      | Found a hide-covered altar of Uskayaw.
 12121 | D:9      | Learned a level 5 spell: Lee's Rapid Deconstruction
 12124 | D:9      | Learned a level 2 spell: Passwall
 12292 | D:10     | Entered Level 10 of the Dungeon
 12351 | D:10     | Reached skill level 5 in Dodging
 13028 | D:10     | Reached ***** piety under Vehumet
 13041 | D:10     | Reached skill level 1 in Earth Magic
 13113 | D:11     | Offered knowledge of Iskenderun's Battlesphere by Vehumet.
 13274 | D:11     | Noticed a boulder beetle
 13285 | D:11     | Killed a boulder beetle
 13798 | D:11     | Noticed a two-headed ogre
 13808 | D:11     | Killed a two-headed ogre
 13808 | D:11     | Reached skill level 5 in Hexes
 13896 | D:11     | Found a staircase to the Orcish Mines.
 14745 | D:12     | Noticed a centaur warrior
 14749 | D:12     | Killed a centaur warrior
 14778 | D:12     | Killed an unseen horror
 14778 | D:12     | Reached XP level 12. HP: 70/97 MP: 5/27
 15040 | D:12     | Found a runed translucent door.
 15048 | D:12     | Noticed a storm dragon
 15257 | D:12     | Noticed Maurice
 15263 | D:12     | Killed Maurice
 15280 | D:12     | Found a flagged portal.
 15286 | Bailey   | Entered a bailey
 16501 | D:12     | Learned a level 5 spell: Iskenderun's Battlesphere
 16886 | Lair:1   | Entered Level 1 of the Lair of Beasts
 16893 | Lair:1   | Reached skill level 5 in Translocations
 17562 | Lair:1   | Found a white marble altar of Elyvilon.
 17975 | Lair:1   | Reached skill level 5 in Evocations
 18272 | Lair:2   | Noticed a seven-headed hydra
 18277 | Lair:2   | Killed a seven-headed hydra
 18277 | Lair:2   | Reached skill level 5 in Earth Magic
 18633 | Lair:2   | Reached XP level 13. HP: 107/107 MP: 16/29
 19169 | Lair:3   | Offered knowledge of Fireball by Vehumet.
 19221 | Lair:3   | Found a staircase to the Snake Pit.
 19820 | Lair:3   | Found a frozen archway.
 19870 | IceCv    | Entered an ice cave
 19873 | IceCv    | Reached ****** piety under Vehumet
 20093 | IceCv    | Learned a level 4 spell: Animate Dead
 20827 | IceCv    | Learned a level 4 spell: Summon Lightning Spire
 21102 | Lair:4   | Reached skill level 1 in Necromancy
 21127 | Lair:4   | Found a staircase to the Swamp.
 21538 | Lair:4   | Reached skill level 1 in Summonings
 21911 | Lair:4   | Noticed Kirke
 21922 | Lair:4   | Killed Kirke
 22226 | Lair:4   | Identified the cursed +1 trident of the Pyrrhic Victory
                  | {speed, rC+}
 22228 | Lair:4   | Found a runed translucent door.
 22229 | Lair:4   | Noticed Rodnoix's ghost (journeyman DrTm)
 22707 | Lair:5   | Offered knowledge of Conjure Ball Lightning by Vehumet.
 22995 | Lair:6   | Entered Level 6 of the Lair of Beasts
 22998 | Lair:6   | Reached XP level 14. HP: 118/118 MP: 18/31
 23932 | Lair:6   | Noticed Sonja
 23938 | Lair:5   | Killed Sonja
 24570 | Lair:6   | Offered knowledge of Lightning Bolt by Vehumet.
 25020 | Lair:6   | Found a staircase to the Slime Pits.
 25020 | Lair:6   | Found a viscous altar of Jiyva.
 25916 | Lair:6   | Found a large runed translucent door.
 25981 | Lair:6   | Found a large runed translucent door.
 26294 | Lair:6   | Identified the Incunabulum of Displaced Attacks
 26610 | D:13     | Noticed Snorg
 26622 | D:13     | Killed Snorg
 26622 | D:13     | Reached skill level 10 in Fighting
 26853 | D:13     | Noticed Rupert
 26859 | D:13     | Reached skill level 15 in Spellcasting
 26864 | D:13     | Killed Rupert
 26970 | D:13     | Learned a level 4 spell: Cause Fear
 27166 | D:13     | Found a gate to the Vaults.
 27732 | D:14     | Reached skill level 5 in Necromancy
 27818 | D:14     | Reached XP level 15. HP: 127/127 MP: 24/34
 28010 | D:14     | Reached skill level 1 in Air Magic
 29070 | D:15     | Entered Level 15 of the Dungeon
 29154 | D:15     | Reached skill level 1 in Shields
 29371 | D:15     | Offered knowledge of Freezing Cloud by Vehumet.
 30363 | D:15     | Found a staircase to the Depths.
 30648 | Orc:1    | Entered Level 1 of the Orcish Mines
 30692 | Orc:1    | Found a burning altar of Makhleb.
 30728 | Orc:1    | Noticed an orc warlord
 30740 | Orc:1    | Killed an orc warlord
 31092 | Orc:2    | Entered Level 2 of the Orcish Mines
 31542 | Orc:1    | Offered knowledge of Starburst by Vehumet.
 31933 | Orc:1    | Found a burning altar of Makhleb.
 32387 | Orc:2    | Found Evalueg's Magic Scroll Boutique.
 32392 | Orc:2    | Bought a scroll of vulnerability for 112 gold pieces
 32392 | Orc:2    | Bought a scroll of identify for 30 gold pieces
 32392 | Orc:2    | Bought a scroll of teleportation for 45 gold pieces
 32392 | Orc:2    | Bought a scroll of identify for 30 gold pieces
 32392 | Orc:2    | Bought a scroll of identify for 30 gold pieces
 32411 | Orc:2    | Found a roughly hewn altar of Beogh.
 32633 | Orc:2    | Found Ugyr's Gadget Shop.
 33367 | Orc:2    | Identified the +7 hand axe of Zuilist {vamp, +Blink rF+
                  | Str-5 SInv}
 33625 | Orc:2    | Found a staircase to the Elven Halls.
 33673 | Orc:2    | Found the +8 orange crystal plate armour {Archmagi, Int+3
                  | Clar}
 34490 | Orc:2    | Noticed an orc warlord
 34881 | Orc:2    | Found a roughly hewn altar of Beogh.
 35089 | Orc:2    | Killed an orc warlord
 35095 | Orc:2    | Offered knowledge of Ozocubu's Refrigeration by Vehumet.
 35327 | Orc:2    | Found Kynecwig's Assorted Antiques.
 35334 | Orc:2    | Bought a scroll of identify for 54 gold pieces
 35334 | Orc:2    | Bought a scroll of identify for 54 gold pieces
 35334 | Orc:2    | Bought a scroll of noise for 27 gold pieces
 35334 | Orc:2    | Bought a runed cloak for 202 gold pieces
 35334 | Orc:2    | Bought a runed scarf for 216 gold pieces
 35526 | Orc:2    | Found Nunuev's Book Emporium.
 36485 | D:8      | Identified the Papyrus of Earthen Orientation
 36880 | Swamp:1  | Entered Level 1 of the Swamp
 36891 | Swamp:1  | Reached XP level 16. HP: 127/137 MP: 11/36
 37695 | Swamp:1  | Reached skill level 10 in Dodging
 37773 | Swamp:1  | Reached skill level 5 in Shields
 38359 | Swamp:1  | Identified the +4 dagger "Ynless" {flame, Str+3 Dex+2}
 38704 | Swamp:1  | Found an ancient bone altar of Kikubaaqudgha.
 39412 | Swamp:2  | Noticed Louise
 39420 | Swamp:2  | Killed Louise
 40950 | Swamp:2  | Learned a level 7 spell: Spellforged Servitor
 41012 | Swamp:2  | HP: 4/139 [eleionoma (12)]
 41335 | Swamp:3  | Offered knowledge of Lehudib's Crystal Spear by Vehumet.
 41335 | Swamp:3  | Offered knowledge of Ignition by Vehumet.
 41335 | Swamp:3  | Offered knowledge of Absolute Zero by Vehumet.
 41440 | Swamp:3  | Reached skill level 5 in Stealth
 41764 | Swamp:3  | Learned a level 8 spell: Lehudib's Crystal Spear
 41795 | Swamp:4  | Entered Level 4 of the Swamp
 42217 | Swamp:4  | Noticed a thorn hunter
 42280 | Swamp:4  | Noticed Nikola
 42632 | Elf:1    | Entered Level 1 of the Elven Halls
 42636 | Elf:1    | Reached XP level 17. HP: 148/148 MP: 25/38
 43045 | Elf:1    | Reached skill level 15 in Conjurations
 43962 | Elf:1    | Found a roughly hewn altar of Beogh.
 44428 | Elf:1    | Found Liorchubba's Gadget Shoppe.
 44584 | Elf:1    | Noticed a Hell Sentinel
 44924 | Elf:1    | Noticed a Tzitzimitl
 45139 | Elf:1    | Noticed a Hell Sentinel
 45400 | Elf:1    | Found a runed translucent gate.
 45400 | Elf:1    | Found a runed translucent gate.
 45400 | Elf:1    | Found a runed translucent gate.
 45400 | Elf:1    | Found a runed translucent gate.
 45400 | Elf:1    | Found a runed translucent gate.
 45403 | Elf:1    | Found a runed translucent gate.
 46248 | Elf:2    | Found Ryvea's General Store.
 46268 | Elf:2    | Bought a scroll of teleportation for 48 gold pieces
 46398 | Elf:2    | Reached XP level 18. HP: 157/157 MP: 27/39
 46588 | Elf:2    | Found a runed translucent gate.
 46588 | Elf:2    | Found a runed translucent gate.
 46588 | Elf:2    | Found a runed translucent gate.
 46774 | Elf:2    | Noticed Agnes
 46782 | Elf:2    | Killed Agnes
 47592 | Elf:3    | Entered Level 3 of the Elven Halls
 49633 | Elf:3    | Reached skill level 10 in Earth Magic
 49986 | Elf:3    | Identified the cursed +0 chain mail "Xuinitof" {+Fly rF+
                  | rCorr}
 50197 | Elf:3    | Identified the +9 flail of Distant Shores {drain, rElec MR-
                  | Str+10}
 50197 | Elf:3    | Identified the ring of Ytej {rPois MP+9 Int+3}
 50209 | Elf:3    | Reached XP level 19. HP: 158/167 MP: 32/40
 51048 | Elf:3    | Identified the +6 quarterstaff of Conscience {freeze, SInv}
 51866 | Elf:3    | Found the +6 shillelagh "Devastator" {shatter}
 51883 | Elf:3    | Learned a level 2 spell: Blink
 52011 | Elf:3    | Found the -2 hat of the Alchemist {rElec rPois rF+ rC+ rN+
                  | MR+ rMut rCorr}
 52698 | Swamp:4  | Reached skill level 1 in Transmutations
 52867 | Swamp:4  | Killed Nikola
 53245 | Swamp:4  | Got a decaying rune of Zot
 53390 | Swamp:4  | Found a runed translucent door.
 53398 | Swamp:4  | Noticed TigOlBitties's ghost (adept DEEE)
 53404 | Swamp:4  | Killed TigOlBitties's ghost
 54082 | Vaults:1 | Entered Level 1 of the Vaults
 54167 | Vaults:1 | Found a flickering gateway to a bazaar.
 54178 | Bazaar   | Entered a bazaar
 54178 | Bazaar   | Found Corux's Assorted Antiques.
 54178 | Bazaar   | Found Datuorol's Weapon Emporium.
 54178 | Bazaar   | Found Pialorus's Antique Armour Shop.
 54178 | Bazaar   | Found Xoumn's Distillery.
 54307 | Bazaar   | Found Laliov's Antique Armour Shoppe.
 54312 | Bazaar   | Bought a pair of runed gloves for 225 gold pieces
 54349 | Bazaar   | Bought a potion of brilliance for 56 gold pieces
 54349 | Bazaar   | Bought a potion of heal wounds for 70 gold pieces
 54349 | Bazaar   | Bought a potion of haste for 140 gold pieces
 54349 | Bazaar   | Bought a potion of heal wounds for 70 gold pieces
 54349 | Bazaar   | Bought a potion of brilliance for 56 gold pieces
 54349 | Bazaar   | Bought a potion of heal wounds for 70 gold pieces
 54362 | Bazaar   | Bought a potion of heal wounds for 95 gold pieces
 54362 | Bazaar   | Bought a scroll of amnesia for 66 gold pieces
 54362 | Bazaar   | Bought a scroll of noise for 19 gold pieces
 57014 | Vaults:2 | Reached XP level 20. HP: 151/176 MP: 41/41
 57125 | Vaults:2 | Reached skill level 10 in Shields
 57339 | Vaults:2 | Found Nudix's Gadget Boutique.
 57490 | Vaults:2 | Reached skill level 15 in Fighting
 58451 | Vaults:2 | Noticed Mara
 58454 | Vaults:2 | Noticed IEatYoBabies's illusion
 58477 | Vaults:2 | Killed Mara
 58979 | Vaults:2 | Learned a level 6 spell: Statue Form
 59302 | Vaults:2 | Reached skill level 5 in Transmutations
 60006 | Vaults:3 | Reached skill level 5 in Air Magic
 60253 | Vaults:3 | Found a staircase to the Crypt.
 60253 | Vaults:3 | Found an ancient bone altar of Kikubaaqudgha.
 60254 | Vaults:3 | Found a basalt altar of Yredelemnul.
 62735 | Vaults:4 | Reached XP level 21. HP: 158/185 MP: 34/42
 62759 | Vaults:4 | Learned a level 9 spell: Fire Storm
 64035 | Snake:1  | Entered Level 1 of the Snake Pit
 64698 | Snake:1  | Reached skill level 1 in Fire Magic
 65404 | Snake:1  | Found Citiacol's Magic Scroll Boutique.
 65412 | Snake:1  | Bought a scroll of summoning for 161 gold pieces
 65412 | Snake:1  | Bought a scroll of blinking for 127 gold pieces
 66023 | Snake:2  | You fall into a shaft and drop 1 floor!
 67803 | Snake:3  | Noticed Bai Suzhen
 67808 | Snake:3  | Killed Bai Suzhen
 68037 | Snake:3  | Identified the cursed +0 robe "Xyguotiw" {Int+2}
 68132 | Snake:3  | Found a runed translucent door.
 68281 | Snake:3  | Noticed Aizul
 68302 | Snake:3  | Killed Aizul
 68882 | Snake:3  | Found Zunontoi's Jewellery Shop.
 68883 | Snake:3  | Found Demealia's Gadget Emporium.
 68884 | Snake:3  | Found Rennut's Jewellery Shop.
 69129 | Snake:3  | Noticed Razfen's ghost (adept GnWn)
 69140 | Snake:3  | Killed Razfen's ghost
 69309 | Snake:4  | Entered Level 4 of the Snake Pit
 70011 | Snake:4  | Identified 2 scrolls of acquirement
 70012 | Snake:4  | Acquired 964 gold pieces
 70014 | Snake:4  | Acquired 962 gold pieces
 71301 | Snake:4  | Noticed Vashnia
 71306 | Snake:4  | Killed Vashnia
 72799 | Snake:4  | Got a serpentine rune of Zot
 73226 | Crypt:1  | Entered Level 1 of the Crypt
 73340 | Crypt:1  | Reached XP level 22. HP: 183/195 MP: 4/44
 74615 | Crypt:1  | Noticed Xtahua
 74621 | Crypt:1  | Killed Xtahua
 74894 | Crypt:1  | Identified the amulet "Ficwoxus" {RegenMP MP+9}
 75313 | Crypt:1  | Noticed an ancient lich
 75525 | Crypt:1  | Killed an ancient lich
 75525 | Crypt:1  | Reached skill level 5 in Fire Magic
 77775 | Crypt:3  | Entered Level 3 of the Crypt
 78299 | Crypt:3  | Found a staircase to the Tomb.
 78985 | Crypt:3  | Noticed an ancient lich
 78987 | Crypt:3  | Killed an ancient lich
 79040 | Crypt:3  | Found an ancient bone altar of Kikubaaqudgha.
 79083 | Crypt:3  | Got a transparent steel ring
 79099 | Crypt:3  | Identified the ring of Sacehidgho {rPois rF- MR+++ Str+6
                  | Stlth+} (You found it on level 3 of the Crypt)
 79734 | Depths:1 | Entered Level 1 of the Depths
 79795 | Depths:1 | Reached XP level 23. HP: 154/204 MP: 41/45
 80267 | Depths:1 | Found Divivvir's Book Shoppe.
 80529 | Depths:1 | Found a gateway to Hell.
 81747 | Depths:2 | Found a one-way gate to the infinite horrors of the Abyss.
 81816 | Depths:2 | Found a flickering gateway to a bazaar.
 81828 | Bazaar   | Entered a bazaar
 81944 | Bazaar   | Found Jucennul's Jewellery Emporium.
 81944 | Bazaar   | Found Boyh's Jewellery Emporium.
 81945 | Bazaar   | Found Datuorol's Book Boutique.
 81976 | Bazaar   | Found Gatruzoh's Jewellery Shop.
 81984 | Bazaar   | Bought the ring "Foajota" {rF++ rC+} for 594 gold pieces
 82314 | Depths:2 | Found a runed translucent gate.
 82336 | Depths:2 | Found a runed translucent gate.
 82336 | Depths:2 | Found a runed translucent gate.
 82336 | Depths:2 | Noticed Jophoofa's ghost (adept DgCj)
 82337 | Depths:2 | Noticed Barug's ghost (adept TrMo)
 82383 | Depths:2 | Reached skill level 15 in Dodging
 83907 | Vaults:2 | Learned a level 5 spell: Bolt of Magma
 84677 | Depths:3 | Found a hide-covered altar of Uskayaw.
 85383 | Depths:3 | Noticed Boris
 85443 | Depths:3 | Killed Boris
 85922 | Depths:3 | Reached skill level 10 in Hexes
 86261 | Depths:3 | Found a one-way gate leading to the halls of Pandemonium.
 87499 | Depths:4 | Reached XP level 24. HP: 201/214 MP: 9/45
 87638 | Depths:4 | Found a runed translucent door.
 88195 | Depths:4 | Reached skill level 15 in Shields
 89187 | Depths:4 | Found Onefeas's Book Boutique.
 89401 | Depths:4 | Found Oryosillye's Armour Boutique.
 89403 | Depths:4 | Found Qukhe's Magic Scroll Shop.
 89411 | Depths:4 | Bought a scroll of acquirement for 728 gold pieces
 89411 | Depths:4 | Bought a scroll of teleportation for 42 gold pieces
 89411 | Depths:4 | Bought a scroll of blinking for 105 gold pieces
 89411 | Depths:4 | Bought a scroll of blinking for 105 gold pieces
 89411 | Depths:4 | Bought a scroll of teleportation for 42 gold pieces
 89420 | Depths:4 | Acquired a +2 kite shield of protection
 89951 | Depths:4 | Noticed a greater mummy
 89955 | Depths:4 | Killed a greater mummy
 90269 | Depths:4 | Got a pair of smoking gloves
 90270 | Depths:4 | Identified the +1 pair of gloves "Cupuy" {+Fly rPois Int+2}
                  | (You found it on level 4 of the Depths)
 90388 | Depths:4 | Found Jucai's Antique Armour Emporium.
 90479 | Depths:5 | Entered Level 5 of the Depths
 90487 | Depths:5 | Noticed Margery
 90490 | Depths:5 | Reached skill level 10 in Fire Magic
 90495 | Depths:5 | Killed Margery
 91030 | Depths:5 | Found Kyrasotu's Gadget Emporium.
 91032 | Depths:5 | Found Rontub's Antique Weapon Emporium.
 91035 | Depths:5 | Found Nuji's Jewellery Emporium.
 91040 | Depths:5 | Found Nasy's Weapon Emporium.
 91873 | Depths:5 | Found a gateway to a ziggurat.
 92849 | Depths:5 | Reached XP level 25. HP: 223/223 MP: 26/45
 93038 | Depths:5 | Found a gate to the Realm of Zot.
 93103 | Depths:5 | Upgraded the game from 0.26-a0-757-g626ac9e51a to
                  | 0.26-a0-771-g060e6a62af
 93460 | Slime:1  | Entered Level 1 of the Pits of Slime
 93739 | Slime:5  | Entered Level 5 of the Pits of Slime
 93961 | Slime:5  | Noticed the Royal Jelly
 93974 | Slime:5  | Killed the Royal Jelly
 94139 | Slime:5  | Got a scorched jade ring
 94140 | Slime:5  | Identified the cursed ring of Xiuqu {rElec AC-4} (You found
                  | it on level 5 of the Pits of Slime)
 94184 | Slime:5  | Got a slimy rune of Zot
 94196 | Slime:5  | Got a faintly glowing lead amulet
 94197 | Slime:5  | Identified the amulet "Zacwotik" {Reflect Dex+2 SH+5} (You
                  | found it on level 5 of the Pits of Slime)
 94232 | Slime:5  | Got a pitted jade amulet
 94233 | Slime:5  | Identified the amulet "Ybepnit" {Acrobat rPois Str+7 Dex+4}
                  | (You found it on level 5 of the Pits of Slime)
 94710 | Zot:1    | Entered Level 1 of the Realm of Zot
 95367 | Zot:1    | Noticed an orb of fire
 95375 | Zot:1    | Killed an orb of fire
 96196 | Zot:1    | Acquired 830 gold pieces
 96826 | Zot:1    | Learned a level 6 spell: Invisibility
 97915 | Zot:3    | Reached XP level 26. HP: 234/234 MP: 10/45
 97944 | Zot:3    | Gained mutation: You tend to lose your temper in combat.
                  | [mutagenic glow]
 98039 | Zot:3    | Identified the +0 great sword of Destruction {vorpal,
                  | *Contam rPois Int-3 Dex+9}
 99456 | Zot:3    | Identified the +4 dragonskin cloak
 99456 | Zot:3    | Identified a ring of the Octopus King {rF+ AC+1 EV+1 Str+1
                  | Int+1 Dex+1}
 99456 | Zot:3    | Noticed Tiamat
 99464 | Zot:3    | Killed Tiamat
 99679 | Zot:3    | Identified the Almanac of Battle Magic and Curses
 99757 | Zot:3    | Identified the Disquisition on Dusty Transformation
100148 | Zot:4    | Found a transporter.
100177 | Zot:4    | Identified the +3 cloak of Grottiness {rElec MR- Int+5
                  | Stlth+}
100181 | Zot:4    | Found a bloodstained altar of Trog.
100181 | Zot:4    | Found a transporter.
100334 | Zot:4    | Noticed Heisao's ghost (legendary TrBe)
100340 | Zot:4    | Identified the +4 executioner's axe of Fimbulwinter {drain,
                  | +Rage MR+ Str+4}
100353 | Zot:4    | Identified the cursed +2 battleaxe "Goblinslayer" {flame,
                  | *Drain Int+7}
100376 | Zot:4    | Identified the cursed +0 cloak of the Swamp {rF+}
100382 | Zot:4    | Identified the +4 great sword of Battle {holy, *Rage MR+
                  | Str+6 SInv}
100458 | Zot:4    | Reached skill level 15 in Fire Magic
100631 | Zot:5    | Entered Level 5 of the Realm of Zot
101132 | Zot:5    | Noticed an ancient lich
101140 | Zot:5    | Killed an ancient lich
101212 | Zot:5    | Noticed an orb of fire
101218 | Zot:5    | Killed an orb of fire
101330 | Zot:5    | Noticed an orb of fire
101330 | Zot:5    | Gained mutation: You are dopey. (Int -2) [an orb of fire]
101335 | Zot:5    | Killed an orb of fire
101343 | Zot:5    | Reached XP level 27. HP: 240/242 MP: 45/45
101771 | Zot:5    | Got the Orb of Zot
101790 | Zot:5    | Noticed an ancient lich
102086 | Depths:1 | Noticed Luac the pandemonium lord
102100 | Depths:1 | Killed Luac the pandemonium lord
102161 | D:15     | Noticed Cehuxteu the pandemonium lord
102180 | D:14     | Killed Cehuxteu the pandemonium lord
102349 | D:10     | Noticed Tatsugeq the pandemonium lord
102363 | D:10     | Killed Tatsugeq the pandemonium lord
102524 | D:$      | Escaped with the Orb!

Illustrated notes

Levels and vault maps discovered:
D:1:      roderic_crop_circles_arrival_small, layout_rooms,
          corexii_item_surrounded_by_moat
D:2:      layout_loops_ring, kennysheep_ying_yang, kennysheep_generic_room_15,
          uniq_robin
D:3:      layout_loops_ring
D:4:      lemuel_castle_with_subvaults [lemuel_castle_interior_carwin_1],
          layout_basic, lightli_temple_of_fire,
          minmay_temple_entry_drinking_statues, minmay_misc_feat_plants
D:5:      layout_cave_pods
D:6:      layout_basic, chequers_temple_overflow_minitemple, uniq_grinder
D:7:      layout_loops_corners
D:8:      layout_rooms, basic_altar, special_room [special_room_orc],
          minivault_12
D:9:      minmay_shrinking_squares, layout_stronghold, kennysheep_little_box,
          david_lair_generic, serial_shops, nicolae_shop_waterfront
D:10:     layout_irregular_city
D:11:     layout_roguey, zombieorc1_lemuel
D:12:     layout_layer_cave, enter_bailey_3, wad_hexagon, uniq_maurice
D:13:     layout_roguey, ximxim_vaults_locker_room, uniq_rupert, uniq_snorg
D:14:     layout_cave_pods, roderic_lattice_a
D:15:     hangedman_depths_entry_try_elsewhere_first, layout_irregular_city,
          lemuel_flamethrower_3
Temple:   dpeg_chambers_temple
Lair:1:   layout_loops_ring, basic_altar, beast_lair_carwin_4,
          serial_bayou_shore_b, grunt_megastairs_2
Lair:2:   layout_concentric_octagons
Lair:3:   layout_chaotic_city, minmay_snake_entry_six_corridors,
          portal_ice_cave_demonic_guard
Lair:4:   layout_regular_city, minmay_swamp_entry_wisps,
          ebering_ghost_funeral_grove, chequers_serial_rivers_large_b,
          uniq_kirke
Lair:5:   layout_misc_corridors, minivault_11
Lair:6:   cheibrodos_lair_end_hotspot, layout_loops_ring, slime_altar_1,
          minivault_26, grunt_forest_stairs_basic, grunt_forest_small_clearings,
          uniq_sonja
Swamp:1:  layout_falls_marsh, infiniplex_staircase_pool, swamp_pool4,
          grunt_ruined_hall
Swamp:2:  layout_basic_swamp, evilmike_swamp_ruin_house_3,
          nicolae_swamp_oklob_treasure_island, uniq_louise
Swamp:3:  layout_basic_swamp, evilmike_swamp_ruin_house_4, swamp_pool1,
          lightli_tree_ring
Swamp:4:  swamp_alternative, layout_basic_swamp, ebering_ghost_reflecting_pool,
          swamp_pool1, infiniplex_staircase_pool_2, uniq_nikola
Snake:1:  layout_gridlike, serial_shops, nicolae_shop_trees,
          hangedman_snake_pattern, grunt_ministairs_4, st_stairs_4
Snake:2:  layout_concentric_octagons
Snake:3:  layout_basic, ebering_ghost_reflecting_pool, minmay_shop_grove,
          uniq_aizul, uniq_bai_suzhen
Snake:4:  johnstein_snake_rune_scales, layout_cave_town, serial_bayou_shore_a,
          lemuel_fruit_tree, serial_bayou_shore_b
Slime:1:  layout_caves
Slime:2:  layout_caves
Slime:3:  layout_caves
Slime:4:  layout_caves
Slime:5
Orc:1:    layout_caves, basic_altar, bloody_makhleb
Orc:2:    pubby_orc_utopia
Elf:1:    elf_arrival_002, layout_loops_corners, special_room
          [special_room_orc], serial_shops, nicolae_shop_window_shopping,
          orc_legates
Elf:2:    layout_geoelf_grid, serial_shops, shop, uniq_agnes
Elf:3:    minmay_elf_hall_quartered_circle, layout_gridlike, special_room
          [special_room_mythical_zoo], serial_corexii_hall,
          corexii_hall_statues_u, chequers_hall_statues_wall_a
Vaults:1: vaults_room_fours, ontoclasm_vaults_twist, hangedman_vaults_pinch,
          v_misc_12, vaults_mumra_chevron_long, grunt_vaults_funnel,
          dpeg_vaults_pockets_of_resistance, layout_vaults_omnigrid,
          serial_shops, bzr_entry_customers
Vaults:2: hangedman_vaults_cutoff, ontoclasm_vaults_tryst,
          grunt_vaults_hallway_short, ontoclasm_vaults_loading_screen,
          hangedman_vaults_locks, hangedman_vaults_cutoff,
          nicolae_vaults_network_square, nicolae_vaults_little_squares_1,
          ontoclasm_vaults_idyll, dpeg_vaults_monster_box,
          layout_vaults_big_room, serial_shops,
          nicolae_shop_competitors_out_of_business, uniq_mara
Vaults:3: v_misc_23, v_misc_16, hangedman_vaults_nodes, vaults_room_fours,
          grunt_vaults_hallway_long, minmay_crypt_entry_necro_gods, v_rooms_5,
          v_misc_24, v_alt_pattern_3, nicolae_vaults_little_ls,
          layout_vaults_omnicross
Vaults:4: vaults_standard_mumra_x, nicolae_vaults_circle_grid_a, v_misc_5,
          v_rooms_2, vaults_room_boxed, ontoclasm_vaults_chip,
          vaults_mumra_hexcomb, grunt_vaults_diagonal, v_misc_14,
          layout_vaults_ring
Crypt:1:  layout_chaotic_city, grunt_crypt_arrival_webbed, grunt_megastairs_5,
          uniq_xtahua
Crypt:2:  layout_gridlike
Crypt:3:  cryptofortress_bobbens
Depths:1: layout_gridlike, hangedman_coc_ice_floe,
          infiniplex_enter_wizlab_spiral, serial_co_window_serial,
          co_window_cross_1, co_window_corner_a, co_window_paths_a,
          co_window_paths_a, co_window_paths_b, co_window_paths_a,
          co_window_paths_a, co_window_paths_a, co_window_paths_a,
          co_window_broadway_a, co_window_paths_c, co_window_broadway_c,
          co_window_broadway_a, co_window_of_opportunity_c, co_window_paths_c,
          co_window_corner_ca, glass_columns_c, serial_shops, shop
Depths:2: kennysheep_six_static_rooms, layout_gridlike, abyss_entry,
          gammafunk_ghost_cemetery, serial_shops, bzr_firewalk,
          minmay_crystal_water, serial_corexii_hall,
          corexii_hall_statues_deadend, corexii_hall_statues_s,
          grunt_hell_entry_dis_mu, serial_bayou_lagoon_a,
          infiniplex_staircase_x, serial_bayou_shore_b, serial_bayou_shore_b
Depths:3: regret_index_uskayaw_diablada_macabre, layout_cave_pools,
          grunt_hell_horde, marbit_kobold_abyss_entry, minmay_misc_feat_cross,
          pan_entry, uniq_boris
Depths:4: lemuel_minitomb, layout_long_grid, chequers_serial_rivers_small_b,
          abyss_entry, serial_shops, shop, hell_entry, minmay_st_funbox,
          minmay_shop_star, minmay_staircase_windowed_large,
          serial_bayou_shore_b
Depths:5: evilmike_zot_entry_gauntlet, layout_honeycomb, enter_ziggurat_d,
          rand_demon_pan_entry_5, hell_entry, hangedman_abyss_entry_splay,
          minmay_shop_grid_forest, uniq_margery
Zot:1:    layout_gridlike, nzn_random_ring
Zot:2:    layout_onion_interference, st_small_dragon_hoard_1
Zot:3:    layout_basic, st_grand_hoard_of_tiamat
Zot:4:    layout_onion, gammafunk_ghost_wrathful_warriors
Zot:5:    layout_twisted_circle, skrybe_zot_glass_2

Skill      XL: |  1  2  3  4  5  6  7  8  9 10 11 12 13 14 15 16 17 18 19 20 21 22 23 24 25 26 27 |
---------------+----------------------------------------------------------------------------------+-----
Fighting       | 1 2 3 4 5 6 8 9 10 11 12 13 14 15 16 17 18 19 | 19.4
Dodging        | 2 3 4 5 7 8 9 10 11 12 13 14 15 16 17 19 | 19.7
Conjurations   | 5 6 7 9 10 11 12 13 14 16 17 18 19 20 | 20.0
Spellcasting   | 3 5 6 8 9 10 11 12 13 15 16 17 18 | 18.0
Stealth        | 2 3 4 5 6 7 |  7.8
Evocations     | 1 2 3 4 5 6 7 8 9 |  9.0
Polearms       | 1 |  1.6
Hexes          | 1 3 5 7 9 10 | 10.0
Throwing       | 1 |  1.0
Translocations | 1 4 5 6 7 |  7.4
Earth Magic    | 3 5 6 8 10 12 | 12.0
Necromancy     | 3 5 |  5.0
Summonings     | 2 4 |  4.0
Air Magic      | 3 4 5 |  5.1
Shields        | 4 6 7 9 10 11 13 14 16 17 19 20 | 20.5
Transmutations | 4 6 7 8 |  8.0
Fire Magic     | 4 6 8 10 13 15 | 15.0
Short Blades   | |  0.9
Staves         | |  0.4
Unarmed Combat | |  0.4

Action                   |  1- 3 |  4- 6 |  7- 9 | 10-12 | 13-15 | 16-18 | 19-21 | 22-24 | 25-27 || total
-------------------------+-------+-------+-------+-------+-------+-------+-------+-------+-------++-------
Melee: Unarmed           |    60 |       |       |       |       |       |       |       |       ||    60
       Tailslap          |     9 |     1 |     1 |       |       |     1 |     3 |     3 |       ||    18
       Dagger            |    14 |    39 |       |       |       |       |       |       |       ||    53
       Trident           |       |       |    16 |       |       |       |       |       |       ||    16
       Staff             |       |       |     2 |    11 |     6 |     9 |    15 |    19 |    12 ||    74
Throw: Dart              |     1 |       |     1 |     7 |       |       |       |       |       ||     9
       Throwing net      |       |       |       |       |       |       |       |       |     1 ||     1
 Cast: Magic Dart        |    59 |   124 |   251 |   252 |   472 |    69 |       |       |       ||  1227
       Searing Ray       |     3 |     7 |    22 |    38 |    75 |   157 |   191 |    52 |       ||   545
       Dazzling Flash    |       |     1 |     1 |     5 |    14 |     7 |       |       |       ||    28
       Fulminant Prism   |       |       |    16 |   133 |   226 |   240 |   102 |       |       ||   717
       Iskenderun's Myst |       |       |       |     3 |    41 |    33 |    33 |    30 |     1 ||   141
       Lee's Rapid Decon |       |       |       |    10 |    56 |    32 |    26 |       |       ||   124
       Iskenderun's Batt |       |       |       |    10 |   113 |    86 |    92 |    36 |    39 ||   376
       Summon Lightning  |       |       |       |       |    55 |    36 |    49 |    29 |    36 ||   205
       Animate Dead      |       |       |       |       |     3 |     3 |       |       |       ||     6
       Cause Fear        |       |       |       |       |     3 |     3 |    10 |     4 |     1 ||    21
       Spellforged Servi |       |       |       |       |       |    11 |    93 |    86 |    69 ||   259
       Lehudib's Crystal |       |       |       |       |       |    13 |   271 |   430 |   208 ||   922
       Statue Form       |       |       |       |       |       |       |    10 |    24 |    13 ||    47
       Blink             |       |       |       |       |       |       |     2 |     9 |     7 ||    18
       Passwall          |       |       |       |       |       |       |     1 |       |       ||     1
       Bolt of Magma     |       |       |       |       |       |       |       |    83 |   151 ||   234
       Invisibility      |       |       |       |       |       |       |       |       |    12 ||    12
       Fire Storm        |       |       |       |       |       |       |       |       |     4 ||     4
 Abil: Evoke Flight      |       |       |       |     1 |       |     2 |       |       |       ||     3
       Breathe Dispellin |       |       |       |       |     1 |       |       |     2 |     1 ||     4
       End Transformatio |       |       |       |       |       |       |     2 |     1 |     3 ||     6
Evoke: Wand              |       |       |       |     7 |    13 |       |    21 |    25 |     8 ||    74
       Box of beasts     |       |       |       |       |     2 |     1 |       |     1 |     2 ||     6
       Condenser vane    |       |       |       |       |       |     2 |     2 |     4 |       ||     8
       Lightning rod     |       |       |       |       |       |     2 |     4 |     7 |    12 ||    25
       Phantom mirror    |       |       |       |       |       |       |     1 |       |       ||     1
  Use: Scroll            |       |     6 |     3 |     9 |    12 |    11 |    13 |    17 |    25 ||    96
       Potion            |       |       |       |     2 |       |     6 |       |     5 |    14 ||    27
 Stab: Invisible         |       |     1 |       |     1 |       |       |       |       |       ||     2
       Distracted        |       |       |       |       |     1 |       |       |       |       ||     1
       Sleeping          |       |       |       |       |       |       |     1 |       |       ||     1
Armor: Skin              |    18 |    12 |    10 |    28 |    56 |    42 |    61 |   112 |    81 ||   420
Dodge: Dodged            |    51 |    26 |    25 |    72 |   147 |   140 |   136 |   271 |   141 ||  1009
Block: Buckler           |       |       |       |       |    28 |    39 |    76 |       |       ||   143
       Reflection        |       |       |       |       |       |       |    83 |    20 |       ||   103
       Kite shield       |       |       |       |       |       |       |   135 |   274 |   160 ||   569

Table legend: (Time is in decaauts)
 A = Elapsed time spent in this place.
 B = Non-inter-level travel time spent in this place.
 C = Inter-level travel time spent in this place.
 D = Time resting spent in this place.
 E = Time spent auto-exploring this place.
 F = Levels seen in this place.
 G = Mean time per level.
                   A        B        C        D        E       F      G
               +--------+--------+--------+--------+--------+-----+--------+
         Total | 104220 |  95198 |   9022 |  24751 |  49504 |  61 | 1708.5 |
       Dungeon |  23879 |  20302 |   3577 |   2453 |  13874 |  15 | 1591.9 |
        Temple |     38 |     29 |      9 |      0 |     19 |   1 |   38.0 |
          Lair |   9396 |   7929 |   1467 |   1196 |   5114 |   6 | 1566.0 |
         Swamp |   6837 |   6240 |    597 |   2633 |   2565 |   4 | 1709.2 |
     Snake Pit |   8609 |   8299 |    310 |   2770 |   3992 |   4 | 2152.2 |
    Slime Pits |    887 |    837 |     50 |    364 |      0 |   5 |  177.4 |
  Orcish Mines |   5352 |   5038 |    314 |   1155 |   2858 |   2 | 2676.0 |
   Elven Halls |   9575 |   8816 |    759 |   3337 |   3196 |   3 | 3191.7 |
        Vaults |  10937 |  10235 |    702 |   2527 |   5402 |   4 | 2734.2 |
         Crypt |   5404 |   5200 |    204 |   1334 |   2603 |   3 | 1801.3 |
        Depths |  13893 |  13123 |    770 |   4118 |   6630 |   5 | 2778.6 |
           Zot |   7402 |   7142 |    260 |   1995 |   2763 |   5 | 1480.4 |
        Bazaar |    376 |    376 |      0 |      0 |    317 |   2 |  188.0 |
        Bailey |    639 |    639 |      0 |    138 |    116 |   1 |  639.0 |
      Ice Cave |    989 |    989 |      0 |    730 |     53 |   1 |  989.0 |
               +--------+--------+--------+--------+--------+-----+--------+

Top non-repeatable levels by time:
   Orc:2: 4491 daAuts
Depths:2: 3925 daAuts
   Elf:1: 3418 daAuts
Vaults:3: 3297 daAuts
   Elf:2: 3099 daAuts
   Elf:3: 3057 daAuts
 Snake:4: 2896 daAuts
Vaults:1: 2754 daAuts
Vaults:2: 2747 daAuts
Depths:4: 2726 daAuts
     D:9: 2704 daAuts
Depths:3: 2679 daAuts
     D:4: 2594 daAuts
Depths:5: 2478 daAuts
  Lair:6: 2318 daAuts
